 Dungeon Crawl Stone Soup version 0.20.1-1-g8b1a95d (webtiles) character file.

946 Vourdeox the Slasher (level 7, -12/63 HPs)
             Began as a Minotaur Berserker on Nov 28, 2017.
             Was a Priest of Trog.
             Mangled by a mummy (15 damage)
             ... in an ossuary.
             The game lasted 00:18:08 (1588 turns).

Vourdeox the Slasher (Minotaur Berserker)           Turns: 1588, Time: 00:18:10

Health: -12/63     AC:  6    Str: 24    XL:     7   Next: 89%
Magic:  6/6        EV: 12    Int:  4    God:    Trog [***...]
Gold:   382        SH:  9    Dex:  7    Spells: 6/6 levels left

rFire    . . .     SeeInvis .   a - +0 falchion
rCold    . . .     Gourm    .   y - +0 buckler
rNeg     . . .     Faith    .   f - +0 leather armour (curse)
rPois    .         Spirit   .   (helmet restricted)
rElec    .         Reflect  +   (no cloak)
rCorr    .         Harm     .   (no gloves)
MR       +....                  x - +2 pair of boots
Stlth    +.........             i - +5 amulet of reflection
Regen    0.2/turn               t - ring of protection from magic
MPRegen  0.1/turn               (no ring)

@: no status effects
A: retaliatory headbutt, horns 2, clumsy 1, sense surroundings 1
a: Berserk, Trog's Hand, Burn Spellbooks, Renounce Religion


You were in an ossuary.
You worshipped Trog.
Trog was most pleased with you.
You were not hungry.

You visited 1 branch of the dungeon, and saw 7 of its levels.
You also visited: Ossuary.

You collected 382 gold pieces.

Inventory:

Hand Weapons
 a - a +0 falchion (weapon)
 n - a +0 falchion
 v - a +0 hunting sling
 z - a +0 giant club
 B - a +3 flail of draining
Missiles
 w - 47 stones (quivered)
Armour
 b - a +0 animal skin
 f - a cursed +0 leather armour (worn)
 l - a +0 helmet
 x - a +2 pair of boots (worn)
 y - a +0 buckler (worn)
 A - a +0 leather armour
 C - a +0 ring mail
Magical Staves
 K - an uncursed staff of energy {unknown}
Jewellery
 i - a +5 amulet of reflection (around neck)
 t - a ring of protection from magic (left hand)
Wands
 D - a wand of confusion (30/48)
Scrolls
 e - a scroll of enchant weapon {unknown}
 g - 2 scrolls of remove curse {unknown}
 h - a scroll of recharging {unknown}
 m - a scroll of noise {unknown}
 q - a scroll of identify {unknown}
 u - 2 scrolls of enchant armour {unknown}
 E - a scroll of blinking {unknown}
 I - a scroll of teleportation {unknown}
Potions
 k - 2 potions of heal wounds
 o - a potion of haste {unknown}
 p - 2 potions of curing {unknown}
 r - a potion of cancellation {unknown}
 s - a potion of agility {unknown}
 F - 2 potions of brilliance {unknown}
 G - a potion of might {unknown}
Comestibles
 c - 3 bread rations
 d - 6 fruits
 j - 3 meat rations
 H - 2 chunks of flesh
 J - a royal jelly


   Skills:
 * Level 6.1 Fighting
 + Level 7.6 Long Blades
 + Level 4.1 Armour
 + Level 3.8 Dodging
 + Level 0.1 Stealth
 + Level 4.6 Shields


You had 6 spell levels left.
You didn't know any spells.

Dungeon Overview and Level Annotations

Branches:
Dungeon (7/15)
 Temple: D:4-7

Altars:
Okawaru


Innate Abilities, Weirdness & Mutations

You reflexively headbutt those who attack you in melee.
You have a pair of horns on your head.
You are clumsy. (Dex -2)
You passively map a small area around you.


Message History

You block the mummy's attack.
You completely miss the mummy. You headbutt the mummy.
The mummy is severely damaged.
You barely miss the mummy.
The mummy is severely damaged.
You block the mummy's attack.
You hit the mummy but do no damage.
The mummy is severely damaged.
You barely miss the adder zombie. Your headbutt misses the adder zombie.
The mummy hits you!
* * * LOW HITPOINT WARNING * * *
The adder zombie bites you.
* * * LOW HITPOINT WARNING * * *
You barely miss the adder zombie. The adder zombie bites you.
* * * LOW HITPOINT WARNING * * *
The bog mummy points at you and mumbles some strange words.
The puff of frost hits you!
* * * LOW HITPOINT WARNING * * *
The mummy hits you!
You die...

#' * #.≈≈#≈≈ '.. ,, ,
≈.≈.#≈ #.#* '* #≈#≈≈
,+.# *, #M.. *≈ ###.#
### #≈≈## # * *.'.#,
#.# ,#...#≈#≈#*
#.#####≈#####.#≈≈≈≈≈≈
+...≈≈≈.≈..Z@≈≈.# *
###.#####'#####M##≈≈#≈
#.'.#..∩#.#, #.'P # ≈
###.#.∩.###,, #≈#≈≈#
#.'.#...# * #≈≈P## *
###.##≈##≈##+##.≈ #
+.≈≈.≈≈≈...≈≈≈.P ≈
**#.≈.#≈#+#.≈.M.M≈ *
#.#.≈.≈P≈,


You could see a mummy, 2 bog mummies and an adder zombie.

Vanquished Creatures
  Edmund (D:4)
  2 ogres
  A bullfrog (D:7)
  2 wyvern zombies (Ossuary)
  A centaur zombie (Ossuary)
  2 orc priests (D:3)
  A hound (D:4)
  3 worker ants
  An iguana (D:5)
  A hound zombie (Ossuary)
  7 mummies (Ossuary)
  2 gnolls (D:4)
  4 adders
  An ooze (D:4)
  An adder zombie (Ossuary)
  A dart slug (D:2)
  6 leopard geckos
  11 orcs
  3 giant cockroaches
  7 goblins
  4 hobgoblins
  2 jackals (D:2)
  A quokka (D:5)
  2 ball pythons (D:2)
  3 bats (D:2)
  3 frilled lizards
  4 kobolds
  A quokka skeleton (D:5)
  5 rats
  A fungus (D:3)
84 creatures vanquished.

Vanquished Creatures (others)
  A withered plant (Ossuary)
1 creature vanquished.

Grand Total: 85 creatures vanquished

Notes
Turn   | Place    | Note
-------+----------+-------------------------------------------
     0 | D:1      | Vourdeox the Minotaur Berserker began the quest for the Orb.
     0 | D:1      | Reached XP level 1. HP: 19/19 MP: 0/0
   228 | D:1      | Reached XP level 2. HP: 23/27 MP: 1/1
   366 | D:2      | Reached skill level 4 in Long Blades
   372 | D:2      | Reached XP level 3. HP: 20/34 MP: 2/2
   375 | D:2      | Reached ** piety under Trog
   526 | D:3      | Gained mutation: You are clumsy. (Dex -2) [potion of mutation]
   526 | D:3      | Gained mutation: You have an increased reservoir of magic. (+10% MP) [potion of mutation]
   526 | D:3      | Lost mutation: You have an increased reservoir of magic. (+10% MP) [potion of mutation]
   526 | D:3      | Gained mutation: You passively map a small area around you. [potion of mutation]
   527 | D:3      | Reached skill level 1 in Shields
   527 | D:3      | Reached XP level 4. HP: 37/41 MP: 3/3
   739 | D:4      | Noticed an ogre
   748 | D:4      | Killed an ogre
   748 | D:4      | Reached skill level 5 in Long Blades
   748 | D:4      | Reached XP level 5. HP: 47/47 MP: 4/4
   850 | D:4      | Noticed Edmund
   865 | D:4      | Reached skill level 5 in Fighting
   870 | D:4      | Killed Edmund
   870 | D:4      | Reached skill level 6 in Long Blades
   870 | D:4      | Reached XP level 6. HP: 32/56 MP: 5/5
  1007 | D:4      | Found an iron altar of Okawaru.
  1162 | D:5      | Entered Level 5 of the Dungeon
  1197 | D:5      | Reached XP level 7. HP: 51/61 MP: 6/6
  1439 | D:7      | Found a sand-covered staircase.
  1481 | Ossuary  | Entered an ossuary
  1524 | Ossuary  | Reached skill level 7 in Long Blades
  1528 | Ossuary  | Reached *** piety under Trog
  1588 | Ossuary  | HP: 3/63 [bog mummy/puff of frost (6)]
  1588 | Ossuary  | Mangled by a mummy

Skill      XL: |  1  2  3  4  5  6  7 |
---------------+----------------------+-----
Fighting       | 4 5 6 |  6.1
Long Blades    | 4 5 6 7 |  7.6
Shields        | 1 2 3 4 |  4.6
Armour         | 3 4 |  4.1
Dodging        | 3 |  3.8
Stealth        | |  0.1

Action                   |  1- 3 |  4- 6 |  7- 9 || total
-------------------------+-------+-------+-------++-------
Melee: Falchion          |    55 |   111 |   117 ||   283
       Headbutt          |     8 |    17 |    32 ||    57
Invok: Berserk           |       |     2 |       ||     2
       Trog's Hand       |       |     1 |     1 ||     2
       Burn Spellbooks   |       |       |     2 ||     2
  Use: Potion            |     2 |       |       ||     2
 Stab: Sleeping          |     1 |       |       ||     1
  Eat: Chunk             |       |     3 |     2 ||     5
Armor: Animal skin       |     4 |       |       ||     4
       Leather armour    |    15 |    28 |    12 ||    55
Dodge: Dodged            |    37 |    52 |    39 ||   128
Block: Other             |     3 |       |       ||     3
       Buckler           |     6 |    55 |    39 ||   100
       Reflection        |       |     2 |       ||     2
       Rpst.: Falchion   |     9 |    12 |    12 ||    33
